 Dungeon Crawl Stone Soup version 0.17.2-1-ge4368a0 (webtiles) character file.

19 Goblin1989 the Insei (level 2, 0/14 HPs)
             Began as a Vine Stalker Transmuter on Oct 16, 2016.
             Succumbed to a worker ant's poison
             ... on level 4 of the Dungeon.
             The game lasted 00:02:59 (337 turns).

Goblin1989 the Insei (Vine Stalker Transmuter)       Turns: 337, Time: 00:02:59

Health: 0/14       AC:  2    Str: 12    XL:     2   Next: 75%
Magic:  1/6        EV: 12    Int: 13    God:
Gold:   25         SH:  0    Dex: 14    Spells: 2 memorised, 2 levels left

rFire  . . .     SeeInvis .       - Unarmed
rCold  . . .     Clarity  .     b - +0 robe
rNeg   . . .     SustAt   .     (no shield)
rPois  .         Gourm    .     (no helmet)
rElec  .         Spirit   +     (no cloak)
rCorr  .         Warding  .     (no gloves)
rMut   .         Stasis   .     (no boots)
MR     .....                    (no amulet)
Stlth  +.........               (no ring)
                                (no ring)

@: lethally poisoned (0 -> -10), flying, not resistant to hostile enchantments,
very unstealthy
A: fangs 2, regeneration 1, magic shield, antimagic bite, no device heal 3, rot
immunity
a: no special abilities


You were on level 4 of the Dungeon.
You were not hungry.

You visited 1 branch of the dungeon, and saw 4 of its levels.

You collected 25 gold pieces.

Inventory:

Missiles
 a - 41 arrows
 Z - a throwing net {=f, !d}
Armour
 b - a +0 robe (worn)
Scrolls
 e - a scroll of amnesia {unknown}
 f - a scroll of remove curse {unknown}
 h - a scroll of identify {unknown}
Books
 c - a book of Changes

   Spells                             Type                      Level
   a - Beastly Appendage              Transmutation                1
   b - Sticks to Snakes               Transmutation                2
   c - Spider Form                    Transmutation/Poison         3
   d - Ice Form                       Ice/Transmutation            4
   e - Blade Hands                    Transmutation                5
Comestibles
 d - 2 bread rations {@e1}
 g - 4 fruits
 j - a chunk of flesh {@w0}
 k - a beef jerky


   Skills:
 - Level 0.8 Fighting
 - Level 1.5 Dodging
 + Level 3.9 Unarmed Combat
 - Level 2.1 Spellcasting
 - Level 2.0 Transmutations


You had 2 spell levels left.
You knew the following spells:

 Your Spells              Type           Power        Failure   Level  Hunger
a - Beastly Appendage     Trmt           #.....       12%         1    ##.....
b - Sticks to Snakes      Trmt           #.........   17%         2    ###....


Dungeon Overview and Level Annotations

Branches:
Dungeon (4/15)
 Temple: D:4-7

Altars:

Annotations:
D:3 magog001's ghost, amateur GrMo


Innate Abilities, Weirdness & Mutations

You have extremely sharp teeth.
Your natural rate of healing is unusually fast.
When hurt, damage is shared between your health and your magic reserves.
Your bite disrupts and absorbs the magic of your enemies.
Potions and wands cannot restore your health.
You are immune to rotting.


Message History

You take 1 damage, and have 4/14 hp.
You now have 1/6 mp.
Drink which item? (? for menu, Esc to quit)
It was a potion of flight.
You feel very buoyant.
You fly up into the air.
* * * LOW HITPOINT WARNING * * *
You feel sick. The worker ant bites you.
* * * LOW HITPOINT WARNING * * *
You are more poisoned.
The worker ant poisons you!
You take 2 damage, and have 2/14 hp.
You barely miss the worker ant.
The worker ant is moderately wounded.
* * * LOW HITPOINT WARNING * * *
You feel sick. The worker ant barely misses you. The worker ant misses you.
You take 1 damage, and have 1/14 hp.
You closely miss the worker ant.
You bite the worker ant, but do no damage.
The worker ant is moderately wounded.
You die...

ਜ............ਜਜਜਜ..ਜ...ਜ .
ਜਜਜਜਜਜ.ਜਜਜ...ਜ.........ਜ ...
.............∆.........ਜ....
ਜਜ<ਜਜਜਜ.ਜਜ...ਜ..........)ਜ
ਜ.ਜ ਜ.ਜਜ...ਜ...........ਜ ਜ.ਜ
.ਜਜ...ਜਜਜਜਜ∆ਜਜ...ਜਜ ਜ.ਜ
.ਜਜ...ਜ ਜ.......ਜਜ ..ਜ
.ਜਜ...ਜ ਜ.ਜਜਜ.ਜ.ਜ .ਜਜ
.ਜਜ...ਜ ਜ@ਜ .ਜ.ਜ ਜ. ਜ...ਜ


ਜaਜ ਜ.ਜ ਜਜ ਜ.ਜ ਜ ਜ.. ਜ.ਜ ... ਜਜਜ You could see a worker ant.

Vanquished Creatures
  An adder (D:3)
  3 hobgoblins
  2 jackals (D:3)
  A kobold (D:2)
  A giant cockroach (D:1)
  A giant newt (D:1)
  2 rats
11 creatures vanquished.

Notes
Turn   | Place    | Note
--------------------------------------------------------------
     0 | D:1      | Goblin1989 the Vine Stalker Transmuter began the quest for the Orb.
     0 | D:1      | Reached XP level 1. HP: 9/9 MP: 4/4
   246 | D:3      | Reached XP level 2. HP: 10/14 MP: 3/6
   257 | D:3      | Learned a level 2 spell: Sticks to Snakes
   282 | D:3      | Noticed magog001's ghost (amateur GrMo)
   337 | D:4      | Succumbed to a worker ant's poison

Action                   || total
-------------------------++-------
Melee: Unarmed           ||    49
  Use: Potion            ||     1
 Stab: Sleeping          ||     1

Vault maps used:
D:1:      dpeg_arrival_rhombi
D:2:      grunt_dithmenos_smoke_and_mirrors, marbit_many_paths, uniq_jessica,
          uniq_robin
D:3:      lemuel_crystal_altar, ecumenical_altar_1, cheibriados_altar_1
D:4:      lemuel_crystal_altar, kennysheep_little_box
